 Dungeon Crawl Stone Soup version 0.18-a0-888-gdb73dea (webtiles) character file.

70 filipzpl the Cudgeler (level 4, -3/29 HPs)
             Began as a Gargoyle Berserker on Dec 23, 2015.
             Was a Believer of Trog.
             Slain by a gnoll
             ... wielding a +0 halberd
              (5 damage)
             ... on level 2 of the Dungeon.
             The game lasted 00:03:23 (1111 turns).

filipzpl the Cudgeler (Gargoyle Berserker)          Turns: 1111, Time: 00:03:23

Health: -3/29      AC: 11    Str: 22    XL:     4   Next: 22%
Magic:  4/4        EV: 11    Int:  7    God:    Trog [**....]
Gold:   136        SH:  0    Dex:  9    Spells: 0 memorised, 3 levels left

rFire  . . .     SeeInvis .     a - +0 mace
rCold  . . .     Gourm    .     k - +0 ring mail
rNeg   + . .     Faith    .     (no shield)
rPois  ∞         Spirit   .     (no helmet)
rElec  +         Dismiss  .     h - +0 cloak
rCorr  .         Reflect  .     b - +0 pair of gloves
SustAt .         Harm     .     (no boots)
MR     .....                    (no amulet)
Stlth  +.........               (no ring)
                                (no ring)

@: not resistant to hostile enchantments, very unstealthy
A: negative energy resistance 1, electricity resistance, unbreathing,
petrification resistance, rot immunity, AC +3
a: Berserk, Trog's Hand, Burn Spellbooks, Renounce Religion


You were on level 2 of the Dungeon.
You worshipped Trog.
Trog was pleased with you.
You were hungry.

You visited 1 branch of the dungeon, and saw 2 of its levels.

You collected 136 gold pieces.

Inventory:

Hand Weapons
 a - a +0 mace (weapon)
Armour
 b - a +0 pair of gloves (worn)
 h - a +0 cloak (worn)
 k - a +0 ring mail (worn)
Scrolls
 i - a scroll of magic mapping {unknown}
 l - 2 scrolls of identify {unknown}
 m - a scroll of remove curse {unknown}
 n - a scroll of teleportation {unknown}
Potions
 d - a potion of flight {unknown}
 e - a potion of haste {unknown}
 f - 2 potions of curing {unknown}
Comestibles
 c - a bread ration
 g - 2 slices of pizza
 j - a meat ration


   Skills:
 + Level 3.8 Fighting
 + Level 3.8 Maces & Flails
 + Level 2.4 Armour
 + Level 2.3 Dodging
 + Level 0.5 Stealth


You had 3 spell levels left.
You didn't know any spells.

Dungeon Overview and Level Annotations

Branches:
Dungeon (2/15)

Altars:


Innate Abilities, Weirdness & Mutations

You are resistant to torment.
Your stone body is resilient (AC +3).
You are immune to poison.
You resist negative energy.
You are resistant to electric shocks.
You can survive without breathing.
You are immune to petrification.
You are immune to rotting.


Message History

* * * LOW HITPOINT WARNING * * *
You are too injured to fight recklessly!
The gnoll completely misses you. The quokka misses you.
The gnoll hits you but does no damage.
The gnoll throws a throwing net.
The throwing net hits you.
You become entangled in the net!
You see here a throwing net.
You struggle against the net.
The quokka closely misses you. The giant newt barely misses you.
The gnoll hits you but does no damage.
You try to slip out of the net.
The quokka completely misses you.
The giant newt bites you but does no damage.
The gnoll hits you from afar with a halberd.
* * * LOW HITPOINT WARNING * * *
You try to slip out of the net.
The quokka barely misses you. The gnoll hits you but does no damage.
The giant newt bites you but does no damage.
You slip out of the net!
The quokka closely misses you. The gnoll barely misses you.
The gnoll hits you from afar with a halberd.
You die...

#..........#
#..........#
#.....(....# ..
...........#### ..
#............#.. #.
#.[.........#(. #.
#gg(.....). #.
#.rl......# #.
#.@......# #†
###.....## ####.
#.#.....# #....
#......# #....
#......# #....
###..##.# ###....
#.##†##.#####......
#.
#....##.#..........
#.
#..####.#.#.###....


You could see 2 gnolls, a quokka and a giant newt.

Vanquished Creatures
  2 adders (D:2)
  A gnoll (D:2)
  An ooze (D:2)
  2 giant geckos (D:1)
  4 giant cockroaches
  5 goblins
  3 hobgoblins
  3 ball pythons
  4 bats (D:2)
  3 giant newts
  3 kobolds
  6 rats
37 creatures vanquished.

Notes
Turn   | Place    | Note
--------------------------------------------------------------
     0 | D:1      | filipzpl the Gargoyle Berserker began the quest for the Orb.
     0 | D:1      | Reached XP level 1. HP: 14/14 MP: 1/1
   219 | D:1      | Reached XP level 2. HP: 19/19 MP: 2/2
   578 | D:1      | Reached ** piety under Trog
   835 | D:2      | Reached XP level 3. HP: 18/23 MP: 3/3
  1054 | D:2      | Reached XP level 4. HP: 29/29 MP: 4/4
  1111 | D:2      | Slain by a gnoll

Vault maps used:
D:1:      dpeg_arrival_erosion, roderic_st_hans_cross, roderic_whirl,
          grunt_decor_mini_mirrors, minmay_misc_feat_room, serial_bayou_ford_a
D:2:      kennysheep_big_flooded_room, grunt_decor_resistance, uniq_terence

Action                   |  1- 3 |  4- 6 || total
-------------------------+-------+-------++-------
Melee: Mace              |   103 |     9 ||   112
 Stab: Sleeping          |     1 |       ||     1
